 Dungeon Crawl Stone Soup version 0.30.1 (webtiles) character file.

Game seed: 13065392238871317075

866 DemonSlayer the Digger (level 7, 0/51 HPs)
             Began as a Demigod Earth Elementalist on July 13, 2023.
             Slain by an ogre
             ... wielding a +0 giant club
              (16 damage)
             ... on level 6 of the Dungeon.
             The game lasted 00:10:53 (5710 turns).

DemonSlayer the Digger (Demigod Earth Elementalist) Turns: 5710, Time: 00:10:54

Health: 0/51       AC:  4    Str:  9    XL:     7   Next: 44%
Magic:  14/18      EV: 13    Int: 17    God:
Gold:   242        SH:  0    Dex: 22    Spells: 5/16 levels left

rFire   . . .        e - +0 dagger (protect)
rCold   . . .        (no shield)
rNeg    . . .        a - +0 robe
rPois   .            (no helmet)
rElec   .            (no cloak)
rCorr   .            n - +1 pair of gloves
SInv    .            (no boots)
Will    .....        (no amulet)
Stlth   +++          (no ring)
HPRegen 0.28/turn    (no ring)
MPRegen 0.16/turn

%: no passive effects
@: no status effects
A: high MP 1, forlorn, divine attributes
a: no special abilities


You were on level 6 of the Dungeon.
You visited 1 branch of the dungeon, and saw 6 of its levels.
You also visited: Sewer and Ossuary.

You collected 242 gold pieces.

Inventory:

Hand Weapons
 e - a +0 dagger of protection (weapon)
Armour
 a - a +0 robe (worn)
 n - a +1 pair of gloves (worn)
Wands
 m - a wand of iceblast (5)
 r - a wand of mindburst (18)
Scrolls
 g - 2 scrolls of fear {unknown}
 k - 3 scrolls of identify
 o - a scroll of amnesia
 p - 2 scrolls of brand weapon
 q - 3 scrolls of immolation
 s - 2 scrolls of teleportation {unknown}
 v - a scroll of torment {unknown}
 w - a scroll of vulnerability {unknown}
 x - a scroll of enchant weapon {unknown}
Potions
 b - 3 potions of magic
 c - 4 potions of attraction {unknown}
 d - 6 potions of curing
 f - 3 potions of heal wounds {unknown}
 h - 2 potions of brilliance {unknown}
 i - a potion of berserk rage {unknown}
 j - 4 potions of flight
 l - a potion of lignification {unknown}
 t - a potion of ambrosia {unknown}
 u - a potion of haste {unknown}
 z - a potion of mutation {unknown}
 A - a potion of might {unknown}
 B - 4 potions of invisibility {unknown}


   Skills:
 + Level 0.6 Fighting
 + Level 0.8 Short Blades
 + Level 2.6 Dodging
 + Level 3.5 Stealth
 + Level 5.0 Spellcasting
 + Level 0.9 Transmutations
 + Level 5.4 Earth Magic


You had 5 spell levels left.
You knew the following spells:

 Your Spells              Type           Power      Damage    Failure   Level
a - Sandblast             Erth           44%        2d11      1%          1
b - Stone Arrow           Conj/Erth      26%        3d8       14%         3
c - Ignite Poison         Fire/Tmut/Pois 5%         N/A       36%         3
d - Petrify               Tmut/Erth      15%        N/A       36%         4

Your spell library contained the following spells:

 Spells                   Type           Power      Damage    Failure   Level
 Passwall                 Tmut/Erth      12%        N/A       6%          2
 Beastly Appendage        Tmut           14%        N/A       10%         1
 Wereblood                Tmut           7%         N/A       14%         2
 Cigotuvi's Dreadful Rot  Necr/Pois/Air  8%         N/A       22%         2
 Ensorcelled Hibernation  Hex/Ice        8%         N/A       22%         2
 Spider Form              Tmut/Pois      5%         N/A       34%         3
 Inner Flame              Hex/Fire       4%         N/A       38%         3
 Swiftness                Air            4%         N/A       38%         3
 Yara's Violent Unravell  Hex/Tmut       2%         3d3       97%         5
 Freezing Cloud           Conj/Ice/Air   2%         6-21      98%         5
 Enfeeble                 Hex            2%         N/A       100%        7


Dungeon Overview and Level Annotations

Branches:
Dungeon (6/15)             Temple (0/1) D:5           Sewer (visited)
Ossuary (visited)

Annotations:
D:6 2 runed translucent doors


Innate Abilities, Weirdness & Mutations

You have an increased reservoir of magic. (+10% MP)
You shall have no god before yourself.
Your divine heritage dramatically boosts your attributes as you level up.


Message History

Found 6 gold pieces.
The howler monkey howls!
The howler monkey hoots and howls with incredible vigour!
You hear a shout!
You hear an angry hiss.
You closely miss the howler monkey. The howler monkey closely misses you.
You barely miss the howler monkey.
The howler monkey hoots and howls with incredible vigour!
You hear a bark!
You hear an angry hiss.
The blast of sand hits the howler monkey!
The howler monkey is moderately wounded.
An ogre comes into view. It is wielding a +0 giant club.
The howler monkey hits you.
The howler monkey hits you but does no damage.
You hit the howler monkey.
Your weapon exudes an aura of protection.
The howler monkey is heavily wounded.
The howler monkey hits you but does no damage.
The blast of sand hits the howler monkey!
The howler monkey is almost dead.
The howler monkey hits you.
The howler monkey hits you but does no damage.
The blast of sand hits the howler monkey!
You kill the howler monkey!
The ogre hits you with a +0 giant club!!
Ouch! That really hurt!
Your Spellcasting skill increases to level 5!
You are too injured to fight recklessly!
You are too injured to fight recklessly!
You are too injured to fight recklessly!
You are too injured to fight recklessly!
You are too injured to fight recklessly!
Casting: Sandblast (safe; 1% risk of failure)
Confirm with . or Enter, or press ? or * to list all spells.
Aiming: Sandblast (safe; 1% risk of failure)
Press: ? - help, Shift-Dir - straight line, f - ogre
Aim: an ogre, wielding a +0 giant club (92% to hit)
The blast of sand hits the ogre!
The ogre is heavily wounded.
The ogre hits you with a +0 giant club!
You die...

.###..... #....#
..#...... ##..##
.....$..####...##
#.....##.......#
#.....#....#...###
#..(....####....## #
##....#######....#
#...#.#....# #.......#
#..O@..## ##..##..##
#..†...............##
#.....#.#............
#...#..####..########.
#...#..####.## ##
#..###......# # .#.
#......# # # # .##.
#......# #..# #
##.#.###......# #..# #


You could see an ogre.

Vanquished Creatures
  A phantom (D:5)
  An elf zombie (Ossuary)
  3 scorpions
  A howler monkey (D:6)
  A centaur zombie (Ossuary)
  A hound (D:5)
  3 human zombies (Ossuary)
  2 orc wizards (D:6)
  A sleepcap (D:5)
  2 mummies (Ossuary)
  9 adders
  3 river rats (Sewer)
  An ufetubus (D:5)
  2 adder zombies (Ossuary)
  5 worms
  7 orcs
  13 ball pythons
  5 endoplasms
  4 giant cockroaches
  8 goblins
  4 hobgoblins
  6 jackals
  3 kobolds
  6 quokkas
  14 bats
  3 frilled lizards
  3 goblin zombies (Ossuary)
  9 hobgoblin zombies (Ossuary)
  8 kobold zombies (Ossuary)
  9 orc zombies (Ossuary)
  6 rats
144 creatures vanquished.

Notes
Turn   | Place    | Note
-------+----------+-------------------------------------------
     0 | D:1      | DemonSlayer the Demigod Earth Elementalist began the quest
                  | for the Orb.
     0 | D:1      | Reached XP level 1. HP: 14/14 MP: 5/5
   250 | D:1      | Reached XP level 2. HP: 20/20 MP: 2/7
  1233 | D:2      | Reached XP level 3. HP: 25/26 MP: 7/9
  2231 | D:2      | Learned a level 3 spell: Stone Arrow
  2235 | D:2      | Learned a level 3 spell: Ignite Poison
  2375 | D:3      | Reached XP level 4. HP: 30/33 MP: 5/10
  2974 | D:4      | Found a glowing drain.
  2991 | Sewer    | Entered a sewer
  3562 | Sewer    | Reached XP level 5. HP: 36/38 MP: 9/12
  3946 | Sewer    | Learned a level 4 spell: Petrify
  4493 | D:5      | Entered Level 5 of the Dungeon
  4514 | D:5      | Found a sand-covered staircase.
  4534 | Ossuary  | Entered an ossuary
  4832 | Ossuary  | Reached XP level 6. HP: 40/45 MP: 10/14
  5385 | D:5      | Reached XP level 7. HP: 47/51 MP: 11/17
  5401 | D:5      | Reached skill level 5 in Earth Magic
  5657 | D:6      | Found a large runed translucent door.
  5658 | D:6      | Found a large runed translucent door.
  5710 | D:6      | Reached skill level 5 in Spellcasting
  5710 | D:6      | Slain by an ogre

Illustrated notes

Levels and vault maps discovered:
D:1:      dpeg_arrival_short_road, layout_loops_ring
D:2:      layout_basic, basic_altar
D:3:      layout_basic
D:4:      layout_gridville, portal_sewer_entry_a, minivault_23,
          small_statue_intersection
D:5:      layout_rooms, minmay_temple_entry_proselytizer,
          nicolae_ossuary_entry_ruins
D:6:      nicolae_cairo_tiling, layout_cave_pools, jmf_multi_god_temple2

Skill      XL: |  1  2  3  4  5  6  7 |
---------------+----------------------+-----
Spellcasting   | 2 3 4 5 |  5.0
Stealth        | 2 3 |  3.5
Dodging        | 2 |  2.6
Earth Magic    | 3 4 5 |  5.4
Fighting       | |  0.6
Short Blades   | |  0.8
Transmutations | |  0.9

Action                     |  1- 3 |  4- 6 |  7- 9 || total
---------------------------+-------+-------+-------++-------
  Melee: Dagger            |    44 |    66 |     3 ||   113
         Punch             |     1 |       |       ||     1
   Cast: Sandblast         |    40 |   171 |    21 ||   232
    Use: Scroll            |     1 |     4 |       ||     5
         Potion            |       |     4 |       ||     4
   Stab: Sleeping          |    15 |    10 |       ||    25
 Armour: Robe              |    15 |    69 |     5 ||    89
  Dodge: Dodged            |    34 |   174 |     9 ||   217
